 Dungeon Crawl Stone Soup version 0.21-a0-531-gacddea6 (webtiles) character file.

749 Goblin1989 the Insei (level 7, -6/53 HPs)
             Began as a Gnoll Transmuter on Dec 8, 2017.
             Mangled by a howler monkey (7 damage)
             ... on level 5 of the Dungeon on Dec 13, 2017.
             The game lasted 00:10:16 (4480 turns).

Goblin1989 the Insei (Gnoll Transmuter)             Turns: 4480, Time: 00:10:17

Health: -6/53      AC:  9    Str: 12    XL:     7   Next: 77%
Magic:  15/15      EV: 13    Int: 18    God:
Gold:   161        SH:  0    Dex: 15    Spells: 7/17 levels left

rFire    . . .     SeeInvis .     - Unarmed
rCold    . . .     Gourm    .   (no shield)
rNeg     . . .     Faith    .   l - +1 ring mail {rPois}
rPois    +         Spirit   .   (no helmet)
rElec    .         Reflect  .   (no cloak)
rCorr    .         Harm     .   T - +2 pair of gloves
MR       .....                  (boots currently unavailable)
Stlth    ++........             (no amulet)
HPRegen  0.17/turn              (no ring)
MPRegen  0.14/turn              (no ring)

@: lethally poisoned (-6 -> -7), appendage
A: distributed training, fangs 1, talons 3, strong nose
a: End Transformation


You were on level 5 of the Dungeon.
You were very hungry.
You had grown temporary talons.
You visited 1 branch of the dungeon, and saw 5 of its levels.

You collected 161 gold pieces.

Inventory:

Hand Weapons
 b - a +2 hand axe of pain
 w - a +0 blowgun {@w1}
 P - a +1 dagger of pain
Missiles
 a - 53 arrows
 m - 212 stones (quivered)
 n - 40 poisoned needles
 Q - 18 bolts
 Z - a throwing net {!d}
Armour
 l - a +1 ring mail of poison resistance (worn)
 T - a +2 pair of gloves (worn)
Wands
 E - a wand of enslavement (13)
Scrolls
 f - a scroll of enchant armour {unknown}
 j - 3 scrolls of remove curse {unknown}
 p - a scroll of enchant weapon {unknown}
 r - 2 scrolls of identify {unknown}
 R - 2 scrolls of magic mapping {unknown}
 U - 3 scrolls of immolation {unknown}
 V - a scroll of fear {unknown}
 W - 4 scrolls of amnesia {unknown}
Potions
 q - 2 potions of flight {unknown}
 N - 2 potions of brilliance {unknown}
 Y - 2 potions of lignification {unknown}
Books
 c - a book of Changes

   Spells                             Type                      Level
   a - Beastly Appendage              Transmutation                1
   b - Sticks to Snakes               Transmutation                2
   c - Spider Form                    Transmutation/Poison         3
   d - Ice Form                       Ice/Transmutation            4
   e - Blade Hands                    Transmutation                5
 O - a book of Misfortune

   Spells                             Type                      Level
   a - Confusing Touch                Hexes                        1
   b - Confuse                        Hexes                        3
   c - Gell's Gravitas                Translocation                3
   d - Petrify                        Transmutation/Earth          4
   e - Metabolic Englaciation         Hexes/Ice                    5
   f - Yara's Violent Unravelling     Hexes/Transmutation          5
Comestibles
 e - 3 bread rations {@e1}
 g - 2 meat rations {@e2}
 o - 3 fruits
 X - 2 royal jellies


   Skills:
 + Level 3.7 Fighting
 + Level 2.6 Short Blades
 + Level 2.6 Long Blades
 + Level 2.6 Axes
 + Level 2.6 Maces & Flails
 + Level 2.6 Polearms
 + Level 2.6 Staves
 + Level 2.6 Slings
 + Level 2.6 Bows
 + Level 2.6 Crossbows
 + Level 2.6 Throwing
 + Level 2.6 Armour
 + Level 5.3 Dodging
 + Level 2.6 Stealth
 + Level 2.6 Shields
 + Level 7.1 Unarmed Combat
 + Level 5.7 Spellcasting
 + Level 2.1 Conjurations
 + Level 2.1 Hexes
 + Level 2.1 Charms
 + Level 2.1 Summonings
 + Level 2.1 Necromancy
 + Level 2.1 Translocations
 + Level 4.4 Transmutations
 + Level 2.1 Fire Magic
 + Level 2.1 Ice Magic
 + Level 2.1 Air Magic
 + Level 2.1 Earth Magic
 + Level 2.1 Poison Magic
 + Level 2.9 Invocations
 + Level 2.6 Evocations


You had 7 spell levels left.
You knew the following spells:

 Your Spells              Type           Power        Failure   Level  Hunger
a - Beastly Appendage     Tmut           ###...       4%          1    None
b - Sticks to Snakes      Tmut           ###.....     7%          2    None
c - Spider Form           Tmut/Pois      ###.......   22%         3    ##.....
d - Ice Form              Ice/Tmut       ###.....     56%         4    ####...


Dungeon Overview and Level Annotations

Branches:
Dungeon (5/15)
 Temple: D:4-7

Altars:
Hepliaklqana
Makhleb
Ru
Wu Jian
Xom
The Shining One


Innate Abilities, Weirdness & Mutations

Your experience applies equally to all skills.
You have very sharp teeth.
Your uncanny sense of smell can sniff out nearby items.
You have claws for feet.


Message History

You take 1 damage, and have 26/52 hp.
You closely miss the worker ant. You headbutt the worker ant.
The worker ant is moderately wounded.
Your transformation is almost over.
The worker ant waves its antennae.
The worker ant bites you but does no damage.
You closely miss the worker ant.
You bite the worker ant, but do no damage.
The worker ant is moderately wounded.
You are no longer corroded.
You feel sick. The worker ant bites you.
You take 2 damage, and have 24/52 hp.
You hit the worker ant but do no damage.
The worker ant is moderately wounded.
The worker ant bites you.
* * * LOW HITPOINT WARNING * * *
You take 2 damage, and have 22/52 hp.
You hit the worker ant but do no damage.
The worker ant is moderately wounded.
The worker ant barely misses you.
MP restored: 15 You closely miss the worker ant.
You headbutt the worker ant! Your bite misses the worker ant.
The worker ant is severely wounded.
You feel sick. The worker ant closely misses you.
You take 1 damage, and have 21/52 hp.
You completely miss the worker ant. Your headbutt misses the worker ant.
The worker ant is severely wounded.
The worker ant misses you.
Unknown command.
You hit the worker ant but do no damage.
The worker ant is severely wounded.
The worker ant barely misses you.
You hit the worker ant. Your punch misses the worker ant.
The worker ant is almost dead.
You feel sick.
The worker ant bites you but does no damage.
You take 1 damage, and have 20/52 hp.
You hit the worker ant.
You kill the worker ant!
The gnoll barely misses you.
Things that are here:
a worker ant corpse; a leopard gecko corpse Your ring mail prevents you from hitting the gnoll.
You bite the gnoll, but do no damage. The gnoll hits you with a club.
* * * LOW HITPOINT WARNING * * *
You take 3 damage, and have 18/52 hp.
You punch the gnoll! Your headbutt misses the gnoll.
The gnoll is severely wounded.
Your horns disappear.
You feel sick. The gnoll hits you but does no damage.
You take 1 damage, and have 17/52 hp.
You hit the gnoll.
You kill the gnoll!
The centaur shoots an arrow.
The arrow closely misses you.
The howler monkey hoots and howls with incredible vigour!
The centaur shoots an arrow.
The arrow barely misses you.
The centaur unwields an uncursed shortbow.
The centaur hits you!
* * * LOW HITPOINT WARNING * * *
Things that are here:
a club; a gnoll corpse You take 7 damage, and have 11/53 hp.
You hit the centaur.
The centaur is moderately wounded.
The centaur hits you but does no damage.
Casting: Beastly Appendage
Confirm with . or Enter, or press ? or * to list all spells.
Your feet morph into talons.
You feel sick. The centaur closely misses you.
The phantom blinks!
The centaur completely misses you.
You take 1 damage, and have 10/53 hp.
You now have 14/15 mp.
Unknown command.
You hit the centaur.
The centaur is heavily wounded.
The centaur hits you but does no damage.
You hit the centaur. You claw the centaur. Your bite misses the centaur.
The centaur is almost dead.
The centaur closely misses you.
You hit the centaur.
You kill the centaur!
You hear the rusting of a very distant drain.
You hit the howler monkey but do no damage.
You bite the howler monkey.
The howler monkey is lightly wounded.
The howler monkey closely misses you.
You closely miss the howler monkey. Your kick misses the howler monkey.
The howler monkey is lightly wounded.
You feel sick. The howler monkey hits you.
* * * LOW HITPOINT WARNING * * *
You take 7 damage, and have 4/53 hp.
You hit the howler monkey. You claw the howler monkey!
Your punch misses the howler monkey.
The howler monkey is heavily wounded.
The howler monkey hits you.
* * * LOW HITPOINT WARNING * * *
You take 3 damage, and have 1/53 hp.
You punch the howler monkey! Your bite misses the howler monkey.
The howler monkey is almost dead.
The howler monkey hits you!
You die...

█.....███████
...██.....████
█.███████....█ █.█ █.....
..█ █....█ ███ █..$.█ ██ █
█....██ ... .
█...W.█████████..██ .██
█...ZSSh@†.†..(.... ..█
█...Y███████.......
█.███████....████..........
..W............h...........
███g███████.██████W█.$.....
█...g█......[.██......██
████..........██..█████
███.<.>....██..█
█........██Z.█


You could see a phantom, an ice beast, a howler monkey, an adder, a leopard
gecko zombie and a ball python.

Vanquished Creatures
  An ogre (D:4)
  A centaur (D:5)
  2 scorpions (D:4)
  2 crimson imps (D:5)
  2 jellies (D:5)
  An iguana (D:5)
  2 worker ants (D:5)
  2 orc wizards
  Natasha (twice) (D:4)
  A hound skeleton (D:4)
  4 adders
  2 gnolls (D:5)
  An ooze (D:3)
  3 dart slugs
  4 leopard geckos
  7 orcs
  A ball python (D:4)
  9 bats
  6 giant cockroaches
  11 goblins
  11 hobgoblins
  A quokka (D:2)
  4 frilled lizards
  12 kobolds
  10 rats
102 creatures vanquished.

Vanquished Creatures (collateral kills)
  An adder (D:5)
1 creature vanquished.

Grand Total: 103 creatures vanquished

Notes
Turn   | Place    | Note
-------+----------+-------------------------------------------
     0 | D:1      | Goblin1989 the Gnoll Transmuter began the quest for the Orb.
     0 | D:1      | Reached XP level 1. HP: 17/17 MP: 6/6
     0 | D:1      | Upgraded the game from 0.21-a0-528-gf531e82 to 0.21-a0-531-gacddea6
   227 | D:1      | Reached XP level 2. HP: 23/23 MP: 7/7
   484 | D:1      | Reached XP level 3. HP: 25/28 MP: 9/9
   614 | D:1      | Reached skill level 5 in Spellcasting
  1118 | D:2      | Reached skill level 1 in Invocations
  1205 | D:2      | Reached skill level 1 in Short Blades
  1205 | D:2      | Reached skill level 1 in Long Blades
  1205 | D:2      | Reached skill level 1 in Axes
  1205 | D:2      | Reached skill level 1 in Maces & Flails
  1205 | D:2      | Reached skill level 1 in Polearms
  1205 | D:2      | Reached skill level 1 in Staves
  1205 | D:2      | Reached skill level 1 in Slings
  1205 | D:2      | Reached skill level 1 in Bows
  1205 | D:2      | Reached skill level 1 in Crossbows
  1205 | D:2      | Reached skill level 1 in Throwing
  1205 | D:2      | Reached skill level 1 in Armour
  1205 | D:2      | Reached skill level 1 in Stealth
  1205 | D:2      | Reached skill level 1 in Shields
  1205 | D:2      | Reached skill level 1 in Evocations
  1336 | D:2      | Reached XP level 4. HP: 34/34 MP: 9/11
  1369 | D:2      | Learned a level 2 spell: Sticks to Snakes
  1373 | D:2      | Learned a level 3 spell: Spider Form
  1747 | D:2      | Found a sacrificial altar of Ru.
  1764 | D:2      | Reached skill level 1 in Conjurations
  1764 | D:2      | Reached skill level 1 in Hexes
  1764 | D:2      | Reached skill level 1 in Charms
  1764 | D:2      | Reached skill level 1 in Summonings
  1764 | D:2      | Reached skill level 1 in Necromancy
  1764 | D:2      | Reached skill level 1 in Translocations
  1764 | D:2      | Reached skill level 1 in Fire Magic
  1764 | D:2      | Reached skill level 1 in Ice Magic
  1764 | D:2      | Reached skill level 1 in Air Magic
  1764 | D:2      | Reached skill level 1 in Earth Magic
  1764 | D:2      | Reached skill level 1 in Poison Magic
  2099 | D:2      | Found a shimmering altar of Xom.
  2099 | D:2      | Found an ornate altar of the Wu Jian Council.
  2100 | D:2      | Found a burning altar of Makhleb.
  2351 | D:3      | Reached XP level 5. HP: 40/40 MP: 10/12
  2387 | D:3      | Found a hazy altar of Hepliaklqana.
  3172 | D:4      | Learned a level 4 spell: Ice Form
  3365 | D:4      | Reached XP level 6. HP: 41/47 MP: 13/13
  3426 | D:4      | Noticed Natasha
  3431 | D:4      | Killed Natasha
  3610 | D:4      | Reached skill level 5 in Dodging
  3762 | D:4      | Found a glowing golden altar of the Shining One.
  3898 | D:4      | Noticed Natasha
  3906 | D:4      | Killed Natasha
  4038 | D:4      | Reached XP level 7. HP: 44/52 MP: 15/15
  4267 | D:5      | Entered Level 5 of the Dungeon
  4309 | D:5      | Reached skill level 7 in Unarmed Combat
  4479 | D:5      | HP: 1/53 [howler monkey (3)]
  4480 | D:5      | Mangled by a howler monkey

Vault maps used:
D:1:      tarquinn_simple_flora_water_d, minmay_tromino_v7
D:2:      nicolae_overflow_hidden_temple, nicolae_ru_great_annihilating_truth
D:3:      corexii_shack_village, old_standard_altar
D:4:      nicolae_overflow_crystal_walls, first_bread, uniq_natasha
D:5:      eat_drink_and_be_merry_uskayaw, portal_sewer_entry_b

Skill      XL: |  1  2  3  4  5  6  7 |
---------------+----------------------+-----
Spellcasting   | 5 |  5.7
Invocations    | 1 2 |  2.9
Short Blades   | 1 2 |  2.6
Long Blades    | 1 2 |  2.6
Axes           | 1 2 |  2.6
Maces & Flails | 1 2 |  2.6
Polearms       | 1 2 |  2.6
Staves         | 1 2 |  2.6
Slings         | 1 2 |  2.6
Bows           | 1 2 |  2.6
Crossbows      | 1 2 |  2.6
Throwing       | 1 2 |  2.6
Armour         | 1 2 |  2.6
Stealth        | 1 2 |  2.6
Shields        | 1 2 |  2.6
Evocations     | 1 2 |  2.6
Conjurations   | 1 2 |  2.1
Hexes          | 1 2 |  2.1
Charms         | 1 2 |  2.1
Summonings     | 1 2 |  2.1
Necromancy     | 1 2 |  2.1
Translocations | 1 2 |  2.1
Fire Magic     | 1 2 |  2.1
Ice Magic      | 1 2 |  2.1
Air Magic      | 1 2 |  2.1
Earth Magic    | 1 2 |  2.1
Poison Magic   | 1 2 |  2.1
Fighting       | 3 |  3.7
Transmutations | 4 |  4.4
Dodging        | 5 |  5.3
Unarmed Combat | 7 |  7.1

Action                   |  1- 3 |  4- 6 |  7- 9 || total
-------------------------+-------+-------+-------++-------
Melee: Unarmed           |   106 |   164 |    61 ||   331
       Bite              |     4 |    14 |     7 ||    25
       Punch             |     4 |     7 |     2 ||    13
       Headbutt          |     1 |       |     3 ||     4
       Hand axe          |       |     9 |       ||     9
       Kick              |       |     1 |     2 ||     3
 Fire: Blowgun           |       |    10 |       ||    10
 Cast: Beastly Appendage |     1 |     1 |     2 ||     4
       Sticks to Snakes  |       |       |     1 ||     1
 Stab: Sleeping          |     5 |     2 |     1 ||     8
       Paralysed         |       |     1 |       ||     1
  Eat: Chunk             |     1 |     9 |       ||    10
Armor: Robe              |    18 |       |       ||    18
       Ring mail         |     2 |    53 |    31 ||    86
Dodge: Dodged            |    88 |   108 |    86 ||   282

Table legend:
 A = Spawn XP
 B = Non-spawn XP
 C = Spawn XP percentage of total XP
 D = Spawn monster count
 E = Non-spawn monster count
 F = Spawn count percentage of total count
 G = Total turns spent on level
                    A         B        C        D         E        F      G
               +---------+---------+-------+---------+---------+-------+---------
         Total |       0 |    1070 |   0.0 |       0 |     103 |   0.0 |  4480
               +---------+---------+-------+---------+---------+-------+---------
           D:1 |       0 |      54 |   0.0 |       0 |      33 |   0.0 |  1108
           D:2 |       0 |     101 |   0.0 |       0 |      22 |   0.0 |  1234
           D:3 |       0 |      62 |   0.0 |       0 |      22 |   0.0 |   799
           D:4 |       0 |     417 |   0.0 |       0 |      14 |   0.0 |  1126
           D:5 |       0 |     436 |   0.0 |       0 |      12 |   0.0 |   213
               +---------+---------+-------+---------+---------+-------+---------

Vault maps used:
D:1:      tarquinn_simple_flora_water_d, minmay_tromino_v7
D:2:      nicolae_overflow_hidden_temple, nicolae_ru_great_annihilating_truth
D:3:      corexii_shack_village, old_standard_altar
D:4:      nicolae_overflow_crystal_walls, first_bread, uniq_natasha
D:5:      eat_drink_and_be_merry_uskayaw, portal_sewer_entry_b
